 Dungeon Crawl Stone Soup version 0.30-a0-476-g330ca2eb8e (webtiles) character file.

Game seed: 2593014285650052608

2153 bande the Chopper (level 9, -5/54 HPs)
             Began as a Gargoyle Fighter on Dec 22, 2022.
             Was a Believer of Okawaru.
             Slain by p00ps00p's ghost (10 damage)
             ... on level 7 of the Dungeon.
             The game lasted 00:11:18 (6728 turns).

bande the Chopper (Gargoyle Fighter)                Turns: 6728, Time: 00:11:18

Health: -5/54      AC: 22    Str: 21    XL:     9   Next: 31%
Magic:  12/12      EV:  6    Int: 14    God:    Okawaru [**....]
Gold:   1219       SH: 10    Dex: 13    Spells: 8/8 levels left

rFire   . . .      SeeInvis .    a - +1 war axe
rCold   . . .      Faith    .    c - +0 buckler
rNeg    + . .      Spirit   .    x - +0 plate armour
rPois   ∞          Reflect  +    p - +0 helmet
rElec   +          Harm     .    (no cloak)
rCorr   .          Rampage  .    (no gloves)
Will    .....                    l - +1 pair of boots
Stlth   ..........               n - amulet of reflection
HPRegen 0.29/turn                k - +6 ring of intelligence
MPRegen 0.13/turn                (no ring)

@: no status effects
A: sickness immunity, AC +6, negative energy resistance 1, electricity
resistance, torment resistance 1, petrification resistance
a: Renounce Religion, Heroism


You were on level 7 of the Dungeon.
You worshipped Okawaru.
Okawaru was pleased with you.
You visited 1 branch of the dungeon, and saw 7 of its levels.

You collected 1219 gold pieces.

Inventory:

Hand Weapons
 a - a +1 war axe (weapon)
 h - a +0 war axe
 C - a +0 morningstar
Armour
 c - a +0 buckler (worn)
 l - a +1 pair of boots (worn)
 p - a +0 helmet (worn)
 x - a +0 plate armour (worn)
Jewellery
 k - a +6 ring of intelligence (left hand)
 n - an amulet of reflection (around neck)
 u - an amulet of the acrobat
 w - a +6 ring of intelligence
 y - an amulet of magic regeneration
Wands
 s - a wand of digging (5)
Scrolls
 e - a scroll of teleportation
 g - 2 scrolls of enchant armour
 o - 2 scrolls of poison
 v - 4 scrolls of identify
 A - a scroll of fear
 B - a scroll of fog
Potions
 b - 2 potions of heal wounds {unknown}
 d - 4 potions of might
 f - a potion of attraction {unknown}
 j - 2 potions of curing
 m - a potion of invisibility {unknown}
 q - 3 potions of resistance {unknown}
 r - a potion of lignification {unknown}
 t - 4 potions of magic {unknown}
 z - 4 potions of flight {unknown}
 D - a potion of brilliance {unknown}


   Skills:
 + Level 5.6 Fighting
 + Level 7.3 Axes
 + Level 5.4 Armour
 + Level 0.1 Stealth
 + Level 5.9 Shields
 * Level 4.2 Invocations
 * Level 3.1 Evocations


You had 8 spell levels left.
You didn't know any spells.
Your spell library contained the following spells:

 Spells                   Type           Power      Damage    Failure   Level
 Foxfire                  Conj/Fire      0%         2x1d4     100%        1
 Kiss of Death            Conj/Necr      0%         2d5       100%        1
 Sting                    Tmut/Pois      0%         1d3       100%        1
 Blink                    Tloc           0%         N/A       100%        2
 Ensorcelled Hibernation  Hex/Ice        0%         N/A       100%        2
 Momentum Strike          Conj/Tloc      0%         3d8       100%        2
 Poisonous Vapours        Pois/Air       0%         N/A       100%        2
 Confusing Touch          Hex            0%         N/A       100%        3
 Kindle Blastsparks       Fire/Tloc/Air  0%         2d10      100%        3
 Lesser Beckoning         Tloc           0%         N/A       100%        3
 Spider Form              Tmut/Pois      0%         N/A       100%        3
 Anguish                  Hex/Necr       0%         N/A       100%        4
 Dispel Undead            Necr           0%         3d6       100%        4
 Fulminant Prism          Conj/Hex       0%         3d5       100%        4
 Iskenderun's Mystic Bla  Conj/Tloc      0%         2d3       100%        4
 Olgreb's Toxic Radiance  Pois           0%         N/A       100%        4
 Fireball                 Conj/Fire      0%         3d3       100%        5
 Lee's Rapid Deconstruct  Erth           0%         3d4*      100%        5
 Simulacrum               Ice/Necr       Unusable   N/A       N/A         6
 Infestation              Necr           Unusable   N/A       N/A         8

Dungeon Overview and Level Annotations

Branches:
Dungeon (7/15)             Temple (0/1) D:5

Altars:
Cheibriados
Dithmenos
Elyvilon
Kikubaaqudgha
Nemelex Xobeh
Okawaru
Trog
Wu Jian

Shops:
D:6 *

Annotations:
D:5 2 transporters, experimilk's ghost, novice DrCj
D:7 p00ps00p's ghost, novice HOFi


Innate Abilities, Weirdness & Mutations

You are immune to sickness and miasma.
Your stone body is resilient. (AC +6)
You are immune to poison.
You resist negative energy. (rN+)
You are resistant to electric shocks. (rElec)
You are resistant to unholy torment.
You are immune to petrification.


Message History

P00ps00p's ghost is severely damaged.
P00ps00p's ghost hits you but does no damage. x2
You barely miss p00ps00p's ghost.
P00ps00p's ghost is severely damaged.
You block p00ps00p's ghost's attack.
You hit p00ps00p's ghost but do no damage.
P00ps00p's ghost is heavily damaged.
P00ps00p's ghost hits you but does no damage.
You hit p00ps00p's ghost but do no damage.
P00ps00p's ghost is heavily damaged.
P00ps00p's ghost hits you but does no damage.
You hit p00ps00p's ghost.
P00ps00p's ghost is severely damaged.
P00ps00p's ghost hits you!
* * * LOW HITPOINT WARNING * * *
P00ps00p's ghost hits you but does no damage.
You barely miss p00ps00p's ghost.
P00ps00p's ghost is severely damaged.
P00ps00p's ghost hits you but does no damage.
You hit p00ps00p's ghost.
P00ps00p's ghost is severely damaged.
P00ps00p's ghost hits you but does no damage.
You closely miss p00ps00p's ghost.
P00ps00p's ghost is severely damaged.
P00ps00p's ghost hits you but does no damage.
You hit p00ps00p's ghost.
P00ps00p's ghost is severely damaged.
You block p00ps00p's ghost's attack.
You closely miss p00ps00p's ghost.
P00ps00p's ghost is severely damaged.
P00ps00p's ghost hits you.
* * * LOW HITPOINT WARNING * * *
You hit p00ps00p's ghost but do no damage.
P00ps00p's ghost is severely damaged.
P00ps00p's ghost hits you but does no damage.
You block p00ps00p's ghost's attack.
You barely miss p00ps00p's ghost.
P00ps00p's ghost is severely damaged.
P00ps00p's ghost hits you!
You die...

.............###.....#######.....
.................................
.................#####..|........
(.[..###..........#########......
##........###.....<.#............
.....#...##⌠##.............#.....
........##...##...............###
.......##..!..##.............####
.......#⌠..♣...W@................
.......##..?..##............####.
........##...##...))........# #.
.#####...##⌠##.....)........####.
## ##...###.....)).......##.... #
##..........<.#.........### ##
##.................#...... .#
#####..........#........#
.########.........>.............#


You could see p00ps00p's ghost.

Vanquished Creatures
  A hornet (D:7)
  Prince Ribbit (D:7)
  Eustachio (D:4)
  An orc warrior (D:5)
  2 black bears (D:6)
  An ogre (D:5)
  A phantom (D:6)
  A kobold brigand (D:6)
  A necrophage (D:6)
  A bullfrog (D:7)
  2 scorpions (D:6)
  5 hounds
  A jelly (D:5)
  4 orc priests
  3 iguanas
  5 orc wizards
  8 gnolls
  17 adders
  A shadow imp (D:5)
  A white imp (D:6)
  An ufetubus (D:7)
  3 dart slugs
  27 orcs
  6 ball pythons
  14 endoplasms
  2 giant cockroaches
  8 goblins
  4 hobgoblins (D:1)
  8 jackals
  5 quokkas
  3 bats
  4 frilled lizards
  17 kobolds
  3 rats
163 creatures vanquished.

Notes
Turn   | Place    | Note
-------+----------+-------------------------------------------
     0 | D:1      | bande the Gargoyle Fighter began the quest for the Orb.
     0 | D:1      | Reached XP level 1. HP: 14/14 MP: 1/1
   302 | D:1      | Reached XP level 2. HP: 14/19 MP: 2/2
   504 | D:1      | Reached skill level 2 in Axes
   978 | D:1      | Reached XP level 3. HP: 23/23 MP: 3/3
  1465 | D:2      | Reached XP level 4. HP: 21/29 MP: 4/4
  2013 | D:2      | Identified the +1 robe of Dawn {+Inv rElec rPois Str-5}
  2061 | D:2      | Reached skill level 3 in Axes
  2061 | D:2      | Reached XP level 5. HP: 30/33 MP: 5/5
  2710 | D:3      | Reached XP level 6. HP: 36/38 MP: 6/6
  2876 | D:3      | Reached skill level 4 in Axes
  3434 | D:4      | Got the Secrets of Combustion and Shadows
  3576 | D:4      | Noticed Eustachio
  3610 | D:4      | Killed Eustachio
  3611 | D:4      | Reached XP level 7. HP: 34/44 MP: 7/7
  3850 | D:4      | Identified a scroll of acquirement
  3850 | D:4      | Acquired 891 gold pieces
  4181 | D:5      | Entered Level 5 of the Dungeon
  4256 | D:5      | Reached skill level 5 in Axes
  4256 | D:5      | Found a sparkling altar of Nemelex Xobeh.
  4260 | D:5      | Found an ornate altar of the Wu Jian Council.
  4262 | D:5      | Found a shadowy altar of Dithmenos.
  4264 | D:5      | Found an ancient bone altar of Kikubaaqudgha.
  4264 | D:5      | Found a bloodstained altar of Trog.
  4265 | D:5      | Found a snail-covered altar of Cheibriados.
  4274 | D:5      | Found an iron altar of Okawaru.
  4278 | D:5      | Became a worshipper of Warmaster Okawaru
  4364 | D:5      | Found a transporter.
  4364 | D:5      | Noticed experimilk's ghost (novice DrCj)
  4424 | D:5      | Reached skill level 1 in Invocations
  4547 | D:5      | Reached skill level 5 in Armour
  4547 | D:5      | Reached skill level 1 in Evocations
  4565 | D:5      | Found a staircase to the Ecumenical Temple.
  4683 | D:5      | Found a transporter.
  4775 | D:5      | Reached * piety under Okawaru
  4794 | D:5      | HP: 1/44 [orc priest/divine providence (11)]
  4796 | D:5      | Reached XP level 8. HP: 1/48 MP: 9/9
  4992 | D:5      | Reached skill level 5 in Shields
  5334 | D:5      | Reached skill level 5 in Fighting
  5334 | D:5      | Reached skill level 6 in Axes
  5479 | D:6      | Found Dukheer's Elemental Accessories.
  5714 | D:6      | Reached ** piety under Okawaru
  5921 | D:6      | Reached XP level 9. HP: 54/54 MP: 11/11
  5960 | D:6      | Reached skill level 7 in Axes
  6079 | D:7      | Noticed p00ps00p's ghost (novice HOFi)
  6079 | D:7      | Found a runed translucent door.
  6174 | D:7      | Noticed Prince Ribbit
  6188 | D:7      | Killed Prince Ribbit
  6374 | D:7      | Noticed a hornet
  6384 | D:7      | Killed a hornet
  6509 | D:7      | Found a white marble altar of Elyvilon.
  6728 | D:7      | Slain by p00ps00p's ghost

Illustrated notes

Levels and vault maps discovered:
D:1:      shiori_arrival_whats_in_store_for_you, layout_basic
D:2:      layout_loops_cross, minmay_split_cup_large
D:3:      layout_loops_ring
D:4:      layout_basic, uniq_eustachio
D:5:      layout_gridville, minitemple, temple_fountains,
          chequers_ossuary_entry_cave, gammafunk_ghost_mausoleum,
          guppyfry_early_orc_mine
D:6:      layout_basic, nicolae_elemental_shop
D:7:      layout_rooms, elyvilon_altar_5, hellmonk_ghost_happy_afterlife,
          uniq_prince_ribbit1

Skill      XL: |  1  2  3  4  5  6  7  8  9 |
---------------+----------------------------+-----
Axes           | 2 3 4 5 6 7 |  7.3
Armour         | 4 5 |  5.4
Shields        | 4 5 |  5.9
Fighting       | 4 5 |  5.6
Invocations    | 1 3 4 |  4.2
Evocations     | 1 2 3 |  3.1
Stealth        | |  0.1

Action                   |  1- 3 |  4- 6 |  7- 9 || total
-------------------------+-------+-------+-------++-------
Melee: War axe           |    88 |   179 |   329 ||   596
  Use: Scroll            |     6 |     2 |     4 ||    12
Armor: Scale mail        |     8 |       |       ||     8
       Chain mail        |    37 |   114 |    57 ||   208
       Plate armour      |       |       |   144 ||   144
Dodge: Dodged            |    25 |    70 |    67 ||   162
Block: Buckler           |    18 |    67 |   191 ||   276
       Reflection        |       |     1 |       ||     1

Table legend: (Time is in decaauts)
 A = Elapsed time spent in this place.
 B = Non-inter-level travel time spent in this place.
 C = Inter-level travel time spent in this place.
 D = Time resting spent in this place.
 E = Time spent auto-exploring this place.
 F = Levels seen in this place.
 G = Mean time per level.
                   A        B        C        D        E       F      G
               +--------+--------+--------+--------+--------+-----+--------+
         Total |   6903 |   6755 |    148 |    938 |   4305 |   7 |  986.1 |
       Dungeon |   6903 |   6755 |    148 |    938 |   4305 |   7 |  986.1 |
               +--------+--------+--------+--------+--------+-----+--------+

Top non-repeatable levels by time:
     D:1: 1887 daAuts
     D:5: 1312 daAuts
     D:4: 924 daAuts
     D:2: 812 daAuts
     D:7: 662 daAuts
     D:3: 660 daAuts
     D:6: 643 daAuts
